 Dungeon Crawl Stone Soup version 0.26-a0-639-g72c4674329 (webtiles) character file.

Game seed: 5073732949001458374

14305 Arthanis the Cleaver (level 12, -1/120 HPs)
             Began as a Gargoyle Berserker on Sept 21, 2020.
             Was a High Priest of Trog.
             Killed from afar by a deep elf mage (42 damage)
             ... with a bolt of fire
             ... on level 12 of the Dungeon.
             The game lasted 00:17:11 (9103 turns).

Arthanis the Cleaver (Gargoyle Berserker)           Turns: 9103, Time: 00:17:12

Health: -1/120     AC: 21    Str: 22    XL:     12   Next: 15%
Magic:  12/12      EV:  3    Int: 17    God:    Trog [*****.]
Gold:   836        SH: 15    Dex: 15    Spells: 11/11 levels left

rFire    . . .     SeeInvis +   b - +0 war axe
rCold    . . .     Faith    .   K - +0 tower shield
rNeg     + + .     Spirit   .   V - +0 plate armour
rPois    ∞         Reflect  .   B - +0 hat
rElec    +         Harm     .   T - scarf {+Inv}
rCorr    .         Rampage  .   (no gloves)
MR       ++...                  (no boots)
Stlth    ..........             g - amulet of regeneration
HPRegen  1.70/turn              j - ring of see invisible
MPRegen  0.13/turn              M - ring "Plog" {rN+ Int+5 Dex+6 Stlth+}

@: berserking, regenerating, studying Short Blades, very quick
A: negative energy resistance 1, electricity resistance, unbreathing,
petrification resistance, rot immunity, AC +8
a: Berserk, Trog's Hand, Brothers in Arms, Renounce Religion, Evoke Invisibility


You were on level 12 of the Dungeon.
You worshipped Trog.
Trog was extremely pleased with you.
You visited 1 branch of the dungeon, and saw 12 of its levels.
You also visited: Sewer.

You collected 836 gold pieces.

Inventory:

Hand Weapons
 a - a +1 dagger of venom
 b - a +0 war axe (weapon)
 N - a +2 vorpal battleaxe
 R - a +2 spear
Missiles
 t - a throwing net (quivered)
Armour
 z - the +5 scale mail of Panentheism {*Drain rF+ MR++ Dex+3}
   (You found it on level 5 of the Dungeon)

   It affects your dexterity (+3).
   It protects you from fire.
   It affects your resistance to hostile enchantments.
   It causes draining when unequipped.
 B - a +0 hat (worn)
 G - a +0 cloak
 K - a +0 tower shield (worn)
 T - a scarf of invisibility (worn)
 V - a +0 plate armour (worn)
Magical Staves
 H - an uncursed staff of cold {unknown}
Jewellery
 g - an amulet of regeneration (around neck)
 j - a ring of see invisible (left hand)
 E - an uncursed ring of magical power
 M - the ring "Plog" (right hand) {rN+ Int+5 Dex+6 Stlth+}
   (You found it on level 7 of the Dungeon)

   [ring of dexterity]

   It affects your intelligence (+5).
   It affects your dexterity (+6).
   It protects you from negative energy.
   It makes you more stealthy.
 U - an uncursed ring of positive energy
Wands
 u - a wand of acid (10)
 v - a wand of polymorph (7)
 I - a wand of disintegration (7)
 J - a wand of iceblast (23)
Scrolls
 c - 4 scrolls of teleportation
 d - 11 scrolls of remove curse
 h - 3 scrolls of magic mapping
 l - a scroll of torment {unknown}
 n - 2 scrolls of fear
 p - 4 scrolls of immolation
 r - 3 scrolls of acquirement {unknown}
 x - a scroll of fog
 A - 3 scrolls of enchant armour
 O - 2 scrolls of blinking
Potions
 e - a potion of flight {unknown}
 f - 5 potions of brilliance
 i - a potion of cancellation {unknown}
 k - 3 potions of curing
 m - 2 potions of degeneration {unknown}
 o - a potion of invisibility {unknown}
 q - 3 potions of mutation
 s - a potion of resistance {unknown}
 w - 3 potions of might
 C - 3 potions of haste {unknown}
 D - a potion of berserk rage {unknown}
 F - a potion of heal wounds {unknown}
 S - a potion of lignification {unknown}
Books
 y - a manual of Short Blades


   Skills:
 + Level 11.1 Fighting
 * Level 12.6 Axes
 + Level 6.0 Armour
 - Level 2.0 Dodging
 - Level 4.0 Shields
 + Level 6.1 Evocations


You had 11 spell levels left.
You didn't know any spells.
Your spell library contained the following spells:

 Spells                   Type           Power        Failure   Level
 Animate Skeleton         Necr           #.....       100%        1
 Beastly Appendage        Tmut           #.....       100%        1
 Pain                     Necr           #...         100%        1
 Wereblood                Tmut           #.......     100%        2
 Spider Form              Tmut/Pois      #.........   100%        3
 Vampiric Draining        Necr           #.........   100%        3
 Animate Dead             Necr           #.........   100%        4
 Ice Form                 Ice/Tmut       #.......     100%        4
 Agony                    Necr           #.......     100%        5
 Blade Hands              Tmut           #.........   100%        5


Dungeon Overview and Level Annotations

Branches:
Dungeon (12/15)            Temple (0/1) D:6            Lair (0/6) D:8
    Orc (0/2) D:12          Sewer (visited)

Altars:
Ashenzari
Fedhas
Ru
Xom

Shops:
D:11 (


Innate Abilities, Weirdness & Mutations

You are resistant to torment.
Your stone body is resilient. (AC +8)
You are immune to poison.
You resist negative energy. (rN+)
You are resistant to electric shocks. (rElec)
You can survive without breathing.
You are immune to petrification.
You are immune to rotting.


Message History

The fire elemental burns you!
The deep elf mage hits you but does no damage.
You block the wight's attack.
You are too injured to fight recklessly!
You are too injured to fight recklessly!
You are too injured to fight recklessly!
You are too injured to fight recklessly!
You are too injured to fight recklessly!
You slash the deep elf mage!
The deep elf mage is moderately wounded.
You slash the fire elemental! You barely miss the wight.
You barely miss the fire elemental. You block the fire elemental's attack.
The fire elemental hits you. The fire elemental burns you!
You slice the deep elf mage!!
The deep elf mage is almost dead.
You hit the fire elemental. You slash the wight!
You closely miss the fire elemental.
The deep elf mage points at you and mumbles some strange words.
The bolt of fire hits you!!!
You die...

.. .................
?.. #######.#.#.#..##
...########...#.##...
.....................
####...#######.#...#
#...# #...... #(..#
###....
#######e..#### ####.
#....E@......# #....
#....zE......# #....
#....zz......# #....
#............# #....
#............# ###.#
#............# #.
#............# #.
.............! ..


You could see a deep elf mage, 2 fire elementals and 3 wights.

Vanquished Creatures
  Erolcha (D:11)
  Erica (D:11)
  A two-headed ogre (D:11)
  Urug (D:10)
  Sonja (D:11)
  Pikel (D:4)
  Maurice (D:11)
  A centaur zombie (D:11)
  A troll (D:11)
  A hippogriff (D:11)
  A wyvern (D:11)
  A wraith (D:10)
  22 yaks
  4 porcupines (D:8)
  6 orc warriors
  2 black bears (D:8)
  3 ice beasts
  A sky beast (D:5)
  3 phantoms
  7 ogres
  3 centaurs
  2 crocodiles
  A big kobold (D:8)
  10 bullfrogs
  A wyvern zombie (D:11)
  8 wights (D:8)
  7 hounds
  A jelly (D:2)
  2 quasits
  4 orc priests
  4 centaur skeletons
  4 bullfrog skeletons
  4 iguanas
  Natasha (D:2)
  7 orc wizards
  9 worker ants
  2 hound skeletons
  2 worker ant zombies
  2 howler monkey skeletons
  11 adders
  A river rat (D:5)
  2 shadow imps
  4 white imps
  4 oozes
  An adder zombie (D:8)
  2 adder skeletons
  4 worms
  2 dart slugs
  6 leopard geckos
  51 orcs
  9 bats
  5 giant cockroaches
  10 hobgoblins
  8 jackals
  3 quokkas
  4 ball pythons
  8 frilled lizards
  9 goblins
  17 kobolds
  A quokka skeleton (D:5)
  6 rats
302 creatures vanquished.

Vanquished Creatures (others)
  38 fungi (D:8)
  32 plants (D:8)
70 creatures vanquished.

Grand Total: 372 creatures vanquished

Notes
Turn   | Place    | Note
-------+----------+-------------------------------------------
     0 | D:1      | Arthanis the Gargoyle Berserker began the quest for the
                  | Orb.
     0 | D:1      | Reached XP level 1. HP: 14/14 MP: 1/1
    75 | D:1      | Reached XP level 2. HP: 19/19 MP: 2/2
    89 | D:1      | Reached skill level 3 in Axes
   205 | D:1      | Reached ** piety under Trog
   209 | D:1      | Reached XP level 3. HP: 21/23 MP: 3/3
   693 | D:2      | Reached XP level 4. HP: 13/29 MP: 4/4
   898 | D:1      | Reached XP level 5. HP: 24/33 MP: 5/5
   944 | D:2      | Noticed Natasha
   957 | D:2      | Killed Natasha
   957 | D:2      | Reached skill level 4 in Axes
  1119 | D:2      | Reached *** piety under Trog
  1345 | D:3      | Noticed an ogre
  1351 | D:3      | Killed an ogre
  1351 | D:3      | Reached XP level 6. HP: 39/39 MP: 6/6
  1556 | D:3      | Reached skill level 5 in Axes
  2107 | D:4      | Reached skill level 5 in Fighting
  2107 | D:4      | Reached XP level 7. HP: 44/44 MP: 7/7
  2204 | D:4      | Reached **** piety under Trog
  2433 | D:4      | Noticed Pikel
  2454 | D:4      | Killed Pikel
  2454 | D:4      | Reached skill level 6 in Axes
  2454 | D:4      | Reached skill level 5 in Armour
  2454 | D:4      | Reached XP level 8. HP: 51/51 MP: 8/8
  2694 | D:4      | Reached skill level 7 in Axes
  2809 | D:5      | Entered Level 5 of the Dungeon
  2900 | D:5      | Got a smoking scale mail
  2911 | D:5      | Identified the +5 scale mail of Panentheism {*Drain rF+
                  | MR++ Dex+3} (You found it on level 5 of the Dungeon)
  2967 | D:5      | Found a glowing drain.
  2971 | Sewer    | Entered a sewer
  3445 | D:5      | Reached XP level 9. HP: 55/56 MP: 9/9
  3503 | D:5      | Reached ***** piety under Trog
  3628 | D:5      | Reached skill level 1 in Shields
  4017 | D:6      | Reached skill level 8 in Axes
  4349 | D:6      | Found a staircase to the Ecumenical Temple.
  4499 | D:6      | Found a blossoming altar of Fedhas.
  4771 | D:7      | Found a shattered altar of Ashenzari.
  4824 | D:7      | Got a translucent bronze ring
  4842 | D:7      | Identified the ring "Plog" {rN+ Int+5 Dex+6 Stlth+} (You
                  | found it on level 7 of the Dungeon)
  5100 | D:7      | Reached skill level 1 in Evocations
  5179 | D:8      | Found a shimmering altar of Xom.
  5285 | D:8      | Reached skill level 9 in Axes
  5347 | D:8      | Reached XP level 10. HP: 50/64 MP: 10/10
  5392 | D:8      | Received a gift from Trog
  5531 | D:8      | Found a staircase to the Lair.
  6387 | D:9      | Reached skill level 10 in Axes
  6485 | D:9      | Found a sacrificial altar of Ru.
  6864 | D:10     | Entered Level 10 of the Dungeon
  7145 | D:10     | Noticed Urug
  7177 | D:10     | Killed Urug
  7177 | D:10     | Reached skill level 11 in Axes
  7177 | D:10     | Reached XP level 11. HP: 71/71 MP: 11/11
  7188 | D:10     | Reached skill level 5 in Evocations
  7262 | D:10     | Received a gift from Trog
  7550 | D:10     | Reached skill level 10 in Fighting
  7875 | D:11     | Noticed Sonja
  7880 | D:11     | Killed Sonja
  8183 | D:11     | Noticed a two-headed ogre
  8184 | D:11     | Noticed Erica
  8189 | D:11     | Noticed Maurice
  8224 | D:11     | Noticed Erolcha
  8235 | D:11     | Killed Erolcha
  8235 | D:11     | Reached skill level 12 in Axes
  8236 | D:11     | Killed Erica
  8242 | D:11     | Killed Maurice
  8242 | D:11     | Reached XP level 12. HP: 41/79 MP: 12/12
  8351 | D:11     | HP: 1/79 [two-headed ogre/+0 giant club (13)]
  8353 | D:11     | Killed a two-headed ogre
  8800 | D:11     | Found Qextevuaza's Antique Weapon Shoppe.
  9004 | D:12     | Found a staircase to the Orcish Mines.
  9103 | D:12     | Killed from afar by a deep elf mage

Illustrated notes

Levels and vault maps discovered:
D:1:      heliophobic_arrival_ceremonial_halls, layout_rooms
D:2:      layout_loops_ring, uniq_natasha
D:3:      layout_rooms, minmay_quadrilaterals
D:4:      layout_basic, minmay_misc_feat_tower, minmay_manual_mess, uniq_pikel
D:5:      layout_basic, gup_sewer_entry_spiral, minmay_stone_trees_large
D:6:      layout_basic, minmay_temple_entry_wispy, fedhas_ov_isle_minmay
D:7:      layout_rooms, nicolae_overflow_hidden_temple, kennysheep_mini
D:8:      layout_gridville, due_lair_maze_entry_diamond, xom_teletrap_fun
D:9:      layout_stronghold, nicolae_ru_sacrificial_ziggurat
D:10:     layout_basic, uniq_urug
D:11:     layout_basic, serial_shops, kennysheep_mini_moat,
          ebering_dispersal_statue_hall, uniq_erolcha, uniq_erica, uniq_maurice,
          uniq_sonja
D:12:     layout_basic, minmay_orc_entry_temple_small

Skill      XL: |  1  2  3  4  5  6  7  8  9 10 11 12 |
---------------+-------------------------------------+-----
Axes           | 3 4 5 6 7 9 11 12 | 12.6
Dodging        | 2 |  2.0
Armour         | 3 4 5 6 |  6.0
Fighting       | 4 5 6 8 9 10 11 | 11.1
Shields        | 3 4 |  4.0
Evocations     | 2 4 6 |  6.1

Action                   |  1- 3 |  4- 6 |  7- 9 | 10-12 || total
-------------------------+-------+-------+-------+-------++-------
Melee: Hand axe          |    84 |   187 |    71 |       ||   342
       Dagger            |       |       |   427 |    69 ||   496
       War axe           |       |       |    19 |   517 ||   536
Invok: Berserk           |     1 |     4 |     7 |    10 ||    22
       Trog's Hand       |       |       |       |     4 ||     4
Evoke: Wand              |       |       |       |     6 ||     6
  Use: Scroll            |       |       |    14 |     4 ||    18
Armor: Animal skin       |    34 |       |       |       ||    34
       Scale mail        |    15 |   104 |   344 |    87 ||   550
       Plate armour      |       |       |       |   258 ||   258
Dodge: Dodged            |    75 |   111 |   274 |    94 ||   554
Block: Buckler           |       |       |    41 |       ||    41
       Tower shield      |       |       |   129 |   489 ||   618

Table legend: (Time is in decaauts)
 A = Elapsed time spent in this place.
 B = Non-inter-level travel time spent in this place.
 C = Inter-level travel time spent in this place.
 D = Time resting spent in this place.
 E = Time spent auto-exploring this place.
 F = Levels seen in this place.
 G = Mean time per level.
                   A        B        C        D        E       F      G
               +--------+--------+--------+--------+--------+-----+--------+
         Total |   9474 |   9080 |    394 |      0 |   6364 |  13 |  728.8 |
       Dungeon |   9347 |   8953 |    394 |      0 |   6309 |  12 |  778.9 |
         Sewer |    126 |    126 |      0 |      0 |     54 |   1 |  126.0 |
               +--------+--------+--------+--------+--------+-----+--------+

Top non-repeatable levels by time:
     D:5: 1107 daAuts
    D:11: 1090 daAuts
    D:10: 1002 daAuts
     D:8: 988 daAuts
     D:9: 846 daAuts
     D:4: 792 daAuts
     D:2: 751 daAuts
     D:3: 729 daAuts
     D:1: 648 daAuts
     D:6: 632 daAuts
     D:7: 520 daAuts
    D:12: 236 daAuts
   Sewer: 126 daAuts
